 Dungeon Crawl Stone Soup version 0.19-a0-1490-g5dd3618 (webtiles) character file.

915 Ryco the Cleaver (level 7, 0/75 HPs)
             Began as a Demonspawn Gladiator on Sept 8, 2016.
             Succumbed to a worker ant's poison
             ... on level 7 of the Dungeon.
             The game lasted 00:21:34 (3722 turns).

Ryco the Cleaver (Demonspawn Gladiator)             Turns: 3722, Time: 00:21:35

Health: 0/75       AC: 23    Str: 15      XL:     7   Next: 82%
Magic:  2/7        EV:  2    Int: 12      God:
Gold:   184        SH:  0    Dex:  8 (15) Spells: 0 memorised, 6 levels left

rFire  + . .     SeeInvis .     a - +0 war axe
rCold  . . .     Gourm    .     (armour currently unavailable)
rNeg   + + +     Faith    .     (no shield)
rPois  +         Spirit   +     (helmet currently unavailable)
rElec  .         Dismiss  .     (cloak currently unavailable)
rCorr  .         Reflect  .     (gloves currently unavailable)
MR     .....     Harm     .     (boots currently unavailable)
Stlth  ++........ NoTele   +    (no amulet)
                                B - +2 ring of intelligence
                                d - ring of protection from fire

@: lethally poisoned (0 -> -8), tree-form
A: nightstalker 1, magic shield, magic regeneration
a: no special abilities


You were on level 7 of the Dungeon.
You were not hungry.
You were a tree.
You visited 1 branch of the dungeon, and saw 7 of its levels.

You collected 184 gold pieces.

Inventory:

Hand Weapons
 a - a +0 war axe (weapon)
 C - a +2 mace of venom
Missiles
 A - 2 tomahawks (quivered)
Armour
 b - a +0 leather armour (melded)
 c - a +0 helmet (melded)
 n - a +0 pair of boots (melded)
Jewellery
 d - a ring of protection from fire (left branch)
 B - a +2 ring of intelligence (right branch)
Wands
 t - a wand of flame (10/48)
Scrolls
 g - a scroll of magic mapping {unknown}
 j - a scroll of fog {unknown}
 k - 3 scrolls of remove curse
 l - 2 scrolls of teleportation {unknown}
 s - a scroll of recharging {unknown}
 u - 2 scrolls of fear {unknown}
 v - 2 scrolls of random uselessness {unknown}
 y - a scroll of noise {unknown}
 z - 3 scrolls of amnesia {unknown}
Potions
 e - a potion of might
 m - a potion of resistance
 p - 2 potions of brilliance
 r - a potion of experience {unknown}
 w - a potion of heal wounds {unknown}
 x - a potion of mutation {unknown}
 D - a potion of cancellation {unknown}
Books
 h - a book of Unlife

   Spells                             Type                      Level
   a - Recall                         Summoning/Translocation      3
   b - Animate Dead                   Necromancy                   4
   c - Control Undead                 Necromancy                   4
   d - Cigotuvi's Embrace             Necromancy                   5
   e - Death Channel                  Necromancy                   6
   f - Simulacrum                     Ice/Necromancy               6
Comestibles
 f - 3 bread rations
 o - 3 meat rations


   Skills:
 - Level 2.0 Fighting
 * Level 8.7 Axes
 - Level 1.7 Throwing
 - Level 2.6 Dodging


You had 6 spell levels left.
You didn't know any spells.

Dungeon Overview and Level Annotations

Branches:
Dungeon (8/15)
 Temple: D:4-7         Lair: D:8-11

Altars:
Elyvilon
Kikubaaqudgha
Nemelex Xobeh
Trog


Innate Abilities, Weirdness & Mutations

You are slightly more attuned to the shadows.
When hurt, damage is shared between your health and your magic reserves.
You regenerate magic rapidly.


Message History

The worker ant closely misses you.
You hit the worker ant but do no damage.
The worker ant is moderately wounded.
You feel sick. The worker ant bites you.
* * * LOW HITPOINT WARNING * * *
You are more poisoned.
The worker ant poisons you!
You barely miss the worker ant.
The worker ant is moderately wounded.
* * * LOW HITPOINT WARNING * * *
You feel sick. The worker ant closely misses you.
The crimson imp grins evilly.
The worker ant closely misses you.
Unknown command.
It was a potion of lignification.
You turn into a tree.
Your +0 helmet melds into your body.
Your +0 pair of boots melds into your body.
Your +0 leather armour melds into your body.
Your roots penetrate the ground.
You die...

#####.##?.....#
###......#.......
.................
........#...5..#
#.....§#......#
.##......#......#
........>a♣#
..<......#..#
##.......##.#
##.#.#### ..#
#... #... ....
.... ..... ....


You could see a worker ant and a crimson imp.

Vanquished Creatures
  An eye of draining (D:8)
  An ogre (D:4)
  A necrophage (D:8)
  A centaur (D:5)
  A giant frog (D:4)
  A scorpion (D:4)
  A giant frog zombie (D:5)
  2 quasits
  A hound (D:5)
  A centaur skeleton (D:5)
  3 orc wizards
  2 worker ants (D:5)
  3 adders
  5 gnolls
  2 oozes
  2 worms
  2 dart slugs
  3 giant geckos
  10 orcs
  2 ball pythons
  3 giant cockroaches (D:1)
  9 hobgoblins
  7 jackals
  7 kobolds
  2 quokkas
  6 bats
  A giant gecko skeleton (D:4)
  2 giant newts
  4 goblins
  A jackal skeleton (D:4)
  A quokka skeleton (D:4)
  6 rats
  A rat zombie (D:4)
95 creatures vanquished.

Notes
Turn   | Place    | Note
-------+----------+-------------------------------------------
     0 | D:1      | Ryco the Demonspawn Gladiator began the quest for the Orb.
     0 | D:1      | Reached XP level 1. HP: 16/16 MP: 1/1
    81 | D:1      | Reached skill level 3 in Axes
   114 | D:1      | Gained mutation: When hurt, damage is shared between your health and your magic reserves. [demonic ancestry]
   114 | D:1      | Reached XP level 2. HP: 15/22 MP: 2/2
   466 | D:2      | Gained mutation: You are slightly more attuned to the shadows. [demonic ancestry]
   466 | D:2      | Reached XP level 3. HP: 22/27 MP: 3/3
   601 | D:2      | Found a bloodstained altar of Trog.
   682 | D:2      | Found a white marble altar of Elyvilon.
   698 | D:2      | Reached skill level 4 in Axes
   910 | D:3      | Gained mutation: You regenerate magic rapidly. [demonic ancestry]
   910 | D:3      | Reached XP level 4. HP: 25/33 MP: 2/4
  1409 | D:3      | Reached skill level 5 in Axes
  1744 | D:3      | Reached XP level 5. HP: 23/38 MP: 2/5
  1766 | D:4      | Found an ancient bone altar of Kikubaaqudgha.
  1912 | D:4      | Found a sparkling altar of Nemelex Xobeh.
  2201 | D:4      | Noticed an ogre
  2215 | D:4      | Killed an ogre
  2215 | D:4      | Reached skill level 6 in Axes
  2215 | D:4      | Reached XP level 6. HP: 22/44 MP: 3/6
  2659 | D:5      | Entered Level 5 of the Dungeon
  2666 | D:5      | Reached skill level 7 in Axes
  3089 | D:5      | Reached XP level 7. HP: 46/50 MP: 5/7
  3358 | D:5      | You fall through a shaft for 3 floors!
  3599 | D:8      | Reached skill level 8 in Axes
  3720 | D:7      | HP: 2/50 [worker ant (3)]
  3722 | D:7      | Succumbed to a worker ant's poison

Vault maps used:
D:1:      minmay_arrival_up_and_down
D:2:      lightli_temple_of_fire, elyvilon_altar_1
D:4:      lemuel_zombie_altar_kikubaaqudgha, nemelex_xobeh_ov_fountains_minmay
D:5:      first_bread, kennysheep_diamond
D:7:      serial_shops, nicolae_shop_temple_entry_statues_fountains
D:8:      minitemple

Skill      XL: |  1  2  3  4  5  6  7 |
---------------+----------------------+-----
Axes           | 3 4 5 6 7 8 |  8.7
Fighting       | |  2.0
Throwing       | |  1.7
Dodging        | |  2.6

Action                   |  1- 3 |  4- 6 |  7- 9 || total
-------------------------+-------+-------+-------++-------
Melee: War axe           |   103 |   161 |    87 ||   351
Throw: Throwing net      |     1 |     2 |       ||     3
       Tomahawk          |       |     4 |       ||     4
Evoke: Wand              |       |     4 |       ||     4
  Use: Potion            |       |     2 |     2 ||     4
       Scroll            |       |     4 |       ||     4
 Stab: Sleeping          |       |     6 |     2 ||     8
  Eat: Chunk             |       |     6 |     2 ||     8
       Meat ration       |       |       |     1 ||     1
Armor: Leather armour    |    36 |    33 |    56 ||   125
Dodge: Dodged            |    91 |    98 |    97 ||   286
